 Dungeon Crawl Stone Soup version 0.28-a0-1339-ga5422284a4 (webtiles) character file.

Game seed: 5959653780185579830

231 freelancePsychic the Magician (level 6, -1/45 HPs)
             Began as a Djinni Earth Elementalist on Dec 28, 2021.
             Killed by divine providence
             ... invoked by an orc priest
              (11 damage)
             ... on level 4 of the Dungeon.
             The game lasted 00:05:29 (4136 turns).

freelancePsychic the Magician (DjEE)                Turns: 4136, Time: 00:05:30

Health: -1/45      AC:  3    Str:  7    XL:     6   Next: 24%
Gold:   140        EV: 12    Int: 18    God:
                   SH:  0    Dex: 14

rFire   + + .      SeeInvis .   e - +1 dagger (elec)
rCold   x . .      Faith    .   (no shield)
rNeg    + . .      Spirit   .   b - +0 robe
rPois   ∞          Reflect  .   r - +0 helmet
rElec   .          Harm     .   (no cloak)
rCorr   +          Rampage  .   (no gloves)
Will    .....                   (boots unavailable)
Stlth   ++........              (no amulet)
HPRegen 0.15/turn               p - ring of positive energy
MPRegen 0.00/turn               g - ring of resist corrosion

@: weak-willed, attractive, flying, very slightly contaminated
A: sickness immunity, fire resistance 2, cold vulnerability 1, float, innate
caster, hp casting, extra vitality 1
a: no special abilities


You were on level 4 of the Dungeon.
You visited 1 branch of the dungeon, and saw 4 of its levels.

You collected 140 gold pieces.

Inventory:

Hand Weapons
 e - a +1 dagger of electrocution (weapon)
Missiles
 c - 56 stones
Armour
 b - a +0 robe (worn)
 r - a +0 helmet (worn)
Jewellery
 g - a ring of resist corrosion (right hand)
 p - a ring of positive energy (left hand)
Wands
 s - a wand of iceblast (10)
Scrolls
 j - a scroll of noise {unknown}
 l - a scroll of fear {unknown}
 n - 2 scrolls of identify {unknown}
 o - a scroll of amnesia {unknown}
 q - a scroll of teleportation {unknown}
Potions
 d - 2 potions of attraction
 f - a potion of degeneration {unknown}
 h - a potion of heal wounds {unknown}
 i - a potion of berserk rage {unknown}
 k - 3 potions of haste {unknown}
 m - a potion of lignification {unknown}


   Skills:
 + Level 2.4 Fighting
 + Level 1.5 Short Blades
 - Level 2.1 Dodging
 + Level 2.5 Stealth
 * Level 3.9 Spellcasting


You couldn't memorise any spells.
You knew the following spells:

 Your Spells              Type           Power      Damage    Failure   Level
a - Sandblast             Erth           34%        2d9       3%          1
b - Passwall              Tmut/Erth      14%        N/A       4%          2
c - Stone Arrow           Conj/Erth      34%        3d9       9%          3
d - Petrify               Tmut/Erth      17%        N/A       30%         4
e - Pain                  Necr           68%        1d7       3%          1
f - Static Discharge      Conj/Air       17%        N/A       4%          2
Your spell library was empty.

Dungeon Overview and Level Annotations

Branches:
Dungeon (4/15)
 Temple: D:4-7

Altars:


Innate Abilities, Weirdness & Mutations

You are immune to sickness and miasma.
You are immune to poison.
Your flesh is very heat resistant. (rF++)
You are vulnerable to cold. (rC-)
You float through the air rather than walking.
You learn spells naturally, not from books.
Your magical power is your life essence.
You have superior vitality. (+4 MHP)


Message History

Casting: Stone Arrow (dangerous; 10% risk of failure)
Confirm with . or Enter, or press ? or * to list all spells.
Aiming: Stone Arrow (dangerous; 10% risk of failure)
Press: ? - help, Shift-Dir - straight line, f/p - orc wizard
Aim: an orc wizard, wielding a +0 dagger and wearing a +0 robe (almost dead, weak-willed, 60% to hit)
The stone arrow hits the orc wizard!
You kill the orc wizard!
The orc throws a boomerang.
The boomerang hits you.
Casting: Stone Arrow (dangerous; 9% risk of failure)
Confirm with . or Enter, or press ? or * to list all spells.
Aiming: Stone Arrow (dangerous; 9% risk of failure)
Press: ? - help, Shift-Dir - straight line, f - orc
Aim: an orc, wielding a +0 trident and wearing a +0 ring mail (weak-willed, 72% to hit)
The stone arrow hits the orc!
You kill the orc!
The orc throws a boomerang.
The boomerang hits you.
Casting: Stone Arrow (dangerous; 9% risk of failure)
Confirm with . or Enter, or press ? or * to list all spells.
Aiming: Stone Arrow (dangerous; 9% risk of failure)
Press: ? - help, Shift-Dir - straight line, f - orc priest
Aim: an orc priest, wielding a +0 dagger (weak-willed, 68% to hit)
The stone arrow hits the orc priest!
The orc priest is severely wounded.
* * * LOW HITPOINT WARNING * * *
The orc priest invokes the aid of Beogh against you.
You barely resist.
Casting: Stone Arrow (dangerous; 9% risk of failure)
Confirm with . or Enter, or press ? or * to list all spells.
Aiming: Stone Arrow (dangerous; 9% risk of failure)
Press: ? - help, Shift-Dir - straight line, f/p - orc priest
Aim: an orc priest, wielding a +0 dagger (severely wounded, weak-willed, 68% to hit)
You miscast Stone Arrow.
You are very lightly contaminated with residual magic.
Nothing appears to happen.
* * * LOW HITPOINT WARNING * * *
It was a potion of attraction.
You feel attractive to monsters.
The orc priest mumbles some strange prayers to Beogh against you.
Beogh smites you!
You die...

...............
.........<.....
...............#
...............#
#......).......#
#......).......#
#.....oo......#
#......@......#
##...........## #######
###.......####.........
###......[.........##
##...########## #..##
#..# #..# #..#######


You could see an orc priest (weak-willed) and an orc (weak-willed).

Vanquished Creatures
  A hound (D:3)
  A jelly (D:3)
  An orc wizard (D:4)
  Robin (D:3)
  5 adders
  A worm (D:3)
  An orc (D:4)
  6 ball pythons
  10 endoplasms
  A giant cockroach (D:3)
  17 goblins
  11 hobgoblins
  4 jackals (D:1)
  6 kobolds
  9 bats
  2 frilled lizards
  3 rats
80 creatures vanquished.

Notes
Turn   | Place    | Note
-------+----------+-------------------------------------------
     0 | D:1      | freelancePsychic the Djinni Earth Elementalist began the
                  | quest for the Orb.
     0 | D:1      | Reached XP level 1. HP: 15/15 MP: 0/0
   175 | D:1      | Reached XP level 2. HP: 21/22 MP: 0/0
   546 | D:1      | Reached skill level 1 in Fighting
   874 | D:1      | Reached XP level 3. HP: 16/27 MP: 0/0
   874 | D:1      | Learned a level 1 spell: Pain
   928 | D:1      | Reached skill level 3 in Spellcasting
  2266 | D:2      | Reached XP level 4. HP: 31/32 MP: 0/0
  2907 | D:3      | Reached XP level 5. HP: 30/38 MP: 0/0
  2907 | D:3      | Learned a level 2 spell: Static Discharge
  2990 | D:3      | Reached skill level 1 in Short Blades
  3352 | D:3      | Noticed a golden eye
  3358 | D:3      | Noticed a floating eye
  3360 | D:3      | Found a faded altar of an unknown god.
  3362 | D:3      | Noticed an eye of devastation
  3362 | D:3      | Noticed a floating eye
  3575 | D:4      | Noticed Robin
  3705 | D:3      | Killed Robin
  3706 | D:3      | Reached XP level 6. HP: 8/43 MP: 0/0
  4136 | D:4      | Killed from afar by an orc priest

Illustrated notes

Levels and vault maps discovered:
D:1:      dpeg_arrival_subterranean_lakeside_camping, layout_loops_ring,
          minmay_misc_feat_tower, st_stairs_2, corner_web_ring
D:2:      layout_basic
D:3:      layout_rooms, serial_glass, glass_columns_c, glass_columns_a,
          item_on_display_a, hellmonk_ecumenical_altar_watching_god
D:4:      layout_cave_pods, uniq_robin, uniq_sigmund

Skill      XL: |  1  2  3  4  5 |
---------------+----------------+-----
Fighting       | 1 2 |  2.4
Spellcasting   | 3 |  3.9
Stealth        | 2 |  2.5
Short Blades   | 1 |  1.5
Dodging        | |  2.1

Action                   |  1- 3 |  4- 6 || total
-------------------------+-------+-------++-------
Melee: Dagger            |     8 |    29 ||    37
 Cast: Sandblast         |    58 |    37 ||    95
       Pain              |     8 |       ||     8
       Static Discharge  |       |     8 ||     8
       Stone Arrow       |       |     5 ||     5
  Use: Scroll            |       |     4 ||     4
       Potion            |       |     1 ||     1
 Stab: Sleeping          |     1 |     1 ||     2
Armor: Robe              |       |     7 ||     7
Dodge: Dodged            |    22 |    36 ||    58

Table legend: (Time is in decaauts)
 A = Elapsed time spent in this place.
 B = Non-inter-level travel time spent in this place.
 C = Inter-level travel time spent in this place.
 D = Time resting spent in this place.
 E = Time spent auto-exploring this place.
 F = Levels seen in this place.
 G = Mean time per level.
                   A        B        C        D        E       F      G
               +--------+--------+--------+--------+--------+-----+--------+
         Total |   4135 |   4075 |     60 |    337 |   3322 |   4 | 1033.8 |
       Dungeon |   4135 |   4075 |     60 |    337 |   3322 |   4 | 1033.8 |
               +--------+--------+--------+--------+--------+-----+--------+

Top non-repeatable levels by time:
     D:1: 1769 daAuts
     D:2: 1112 daAuts
     D:3: 1045 daAuts
     D:4: 207 daAuts
